 Dungeon Crawl Stone Soup version 0.28.0-45-g0d030f2227 (webtiles) character file.

Game seed: 16278116179661117399

0 seaoflcl the Skirmisher (level 1, -3/21 HPs)
             Began as a Naga Fighter on Apr 24, 2022.
             Slain by a kobold
             ... wielding a +0 short sword
              (4 damage)
             ... on level 1 of the Dungeon.
             The game lasted 00:00:44 (39 turns).

seaoflcl the Skirmisher (Naga Fighter)                Turns: 39, Time: 00:00:45

Health: -3/21      AC:  3    Str: 18    XL:     1   Next: 10%
Magic:  1/1        EV:  7    Int:  8    God:
Gold:   8          SH:  4    Dex: 10    Spells: 0/0 levels left

rFire   . . .      SeeInvis +   a - +0 long sword
rCold   . . .      Faith    .   c - +0 buckler
rNeg    . . .      Spirit   .   b - +0 scale mail
rPois   +          Reflect  .   (no helmet)
rElec   .          Harm     .   (no cloak)
rCorr   .          Rampage  .   (no gloves)
Will    .....                   (no barding)
Stlth   ..........              (no amulet)
HPRegen 0.07/turn               (no ring)
MPRegen 0.07/turn               (no ring)

@: short of breath, very slow
A: AC +0, large, see invisible, deformed body, poison resistance, slowness 2,
spit poison 1, naga tail 1
a: Spit Poison


You were on level 1 of the Dungeon.
You visited 1 branch of the dungeon, and saw 1 of its levels.

You collected 8 gold pieces.

Inventory:

Hand Weapons
 a - a +0 long sword (weapon)
Armour
 b - a +0 scale mail (worn)
 c - a +0 buckler (worn)
Potions
 d - a potion of might


   Skills:
 + Level 3.0 Fighting
 + Level 2.0 Long Blades
 + Level 2.4 Armour
 + Level 0.0 Stealth
 + Level 2.4 Shields


You couldn't memorise any spells.
You didn't know any spells.
Your spell library was empty.

Dungeon Overview and Level Annotations

Branches:
Dungeon (1/15)

Altars:


Innate Abilities, Weirdness & Mutations

Your serpentine skin is tough. (AC +0)
You have supernaturally acute eyesight. (SInv)
Armour fits poorly on your strangely shaped body.
Your system is resistant to poisons. (rPois)
You cover ground very slowly.
You can spit poison.
You have a snake-like lower body.


Message History

The Orb of Zot is coveted for many reasons.
Will you seize it for your own?
Press ? for a list of commands and other information.
Found a staircase leading out of the dungeon.
A bat comes into view.
The bat hits you but does no damage. You block the bat's attack.
You slash the bat!
You kill the bat!
No target in view!
Okay, then.
You now have 8 gold pieces.
A kobold comes into view. It is wielding a +0 short sword.
The kobold shouts!
A kobold is nearby!
You hit the kobold but do no damage.
The kobold hits you with a +0 short sword.
You closely miss the kobold.
The kobold hits you with a +0 short sword. x2
You barely miss the kobold.
The kobold hits you with a +0 short sword.
You are too injured to fight recklessly!
You hit the kobold but do no damage. The kobold hits you but does no damage.
You closely miss the kobold.
The kobold hits you with a +0 short sword.
* * * LOW HITPOINT WARNING * * *
The kobold barely misses you.
You closely miss the kobold. The kobold closely misses you.
You closely miss the kobold. The kobold hits you but does no damage.
You closely miss the kobold.
The kobold hits you with a +0 short sword.
* * * LOW HITPOINT WARNING * * *
The kobold hits you but does no damage.
You closely miss the kobold. The kobold closely misses you.
The kobold hits you with a +0 short sword.
* * * LOW HITPOINT WARNING * * *
Aiming: Spit Poison (3% risk of failure)
Press: ? - help, Shift-Dir - straight line, f - kobold
Aim: a kobold, wielding a +0 short sword (43% to hit)
The splash of poison misses the kobold.
The kobold hits you with a +0 short sword.
You die...

#.## # ... .# #.. .#
♣♣♣♣♣ #....
♣♣...♣♣#.#.
♣.....♣♣..
.......♣.###########
.......♣.......K@..#
..♣.♣....#####.#.#.#
...⌠.....#.....#.# #
..♣.♣....#.###$#.#
♣......♣.# ..#.#
#......♣.# #.#.#
......♣♣.# #.#.#
<.♣..♣♣..# ....#
♣♣#♣♣♣ ..# #.#..


You could see a kobold.

Vanquished Creatures
  A bat (D:1)
1 creature vanquished.

Notes
Turn   | Place    | Note
-------+----------+-------------------------------------------
     0 | D:1      | seaoflcl the Naga Fighter began the quest for the Orb.
     0 | D:1      | Reached XP level 1. HP: 21/21 MP: 1/1
    38 | D:1      | HP: 1/21 [kobold/+0 short sword (2)]
    39 | D:1      | Slain by a kobold

Illustrated notes

Levels and vault maps discovered:
D:1:      amcnicky_arrival_underground_garden, layout_basic,
          shapermc_ecumenical_altar_flowoftime

Action                   || total
-------------------------++-------
Melee: Long sword        ||    10
 Abil: Spit Poison       ||     1
Armor: Scale mail        ||     4
Dodge: Dodged            ||     3
Block: Buckler           ||     1
